 Dungeon Crawl Stone Soup version 0.30-a0-860-g512cf1e979 (webtiles) character file.

Game seed: 18143330224204834269

431 jimonade the Magician (level 7, -2/49 HPs)
             Began as a Djinni Warper on Mar 8, 2023.
             Was an Initiate of Okawaru.
             Slain by a phantom (5 damage)
             ... on level 5 of the Dungeon.
             The game lasted 00:10:44 (3659 turns).

jimonade the Magician (Djinni Warper)               Turns: 3659, Time: 00:10:44

Health: -2/49      AC:  6    Str: 12    XL:     7   Next: 20%
Gold:   263        EV: 12    Int: 14    God:    Okawaru [......] SH:  5 Dex: 13

rFire   + + .      SeeInvis .    a - +2 dagger (venom)
rCold   . . .      Faith    .    (no shield)
rNeg    . . .      Spirit   .    r - +2 robe {rC+}
rPois   ∞          Reflect  +    v - +0 helmet
rElec   .          Rampage  .    q - +0 cloak
rCorr   .                        (no gloves)
Will    .....                    (boots unavailable)
Stlth   +                        u - amulet of reflection
HPRegen 0.28/turn                (no ring)
MPRegen 0.00/turn                (no ring)

@: flying
A: sickness immunity, fire resistance 2, cold vulnerability 1, float, innate
caster, HP casting, extra vitality 1
a: Renounce Religion


You were on level 5 of the Dungeon.
You worshipped Okawaru.
Okawaru was noncommittal.
You visited 2 branches of the dungeon, and saw 6 of its levels.

You collected 263 gold pieces.

Inventory:

Hand Weapons
 a - a +2 dagger of venom (weapon)
 b - a +2 short sword of venom
 o - a +0 spear
Missiles
 d - 7 boomerangs of dispersal (quivered)
 f - 3 boomerangs
Armour
 h - a +0 chain mail
 i - a +0 hat
 l - a +0 ring mail
 q - a +0 cloak (worn)
 r - a +2 robe of cold resistance (worn)
 v - a +0 helmet (worn)
Magical Staves
 j - a staff of death
Jewellery
 u - an amulet of reflection (around neck)
Wands
 A - a wand of polymorph (11)
 C - a wand of flame (18)
Scrolls
 c - 2 scrolls of blinking
 e - 2 scrolls of fog
 g - 4 scrolls of identify
 m - a scroll of fear {unknown}
 s - a scroll of vulnerability {unknown}
 y - a scroll of teleportation {unknown}
 D - a scroll of brand weapon {unknown}
Potions
 k - 2 potions of curing
 p - a potion of berserk rage
 t - 3 potions of lignification
 w - a potion of brilliance {unknown}
 x - 2 potions of heal wounds {unknown}
 z - a potion of ambrosia {unknown}
 B - a potion of resistance {unknown}


   Skills:
 - Level 2.0 Fighting
 - Level 1.5 Polearms
 - Level 0.7 Throwing
 - Level 1.0 Armour
 - Level 2.1 Dodging
 + Level 5.9 Spellcasting


You knew the following spells:

 Your Spells              Type           Power      Damage    Failure   Level
a - Blink                 Tloc           40%        N/A       2%          2
b - Lesser Beckoning      Tloc           40%        N/A       2%          2
c - Vhi's Electric Charg  Tloc/Air       40%        N/A       4%          3
d - Teleport Other        Tloc           20%        N/A       4%          3
e - Manifold Assault      Tloc           20%        N/A       14%         4
f - Beastly Appendage     Tmut           40%        N/A       1%          1
g - Momentum Strike       Conj/Tloc      40%        3d9       2%          2
h - Swiftness             Air            20%        N/A       4%          3
Your spell library was empty.

Dungeon Overview and Level Annotations

Branches:
Dungeon (5/15)             Temple (1/1) D:4

Altars:
Dithmenos
Elyvilon
Gozag
Hepliaklqana
Okawaru
Qazlal
Ru
Trog
Uskayaw
Zin

Shops:
D:2 :

Annotations:
D:3 1 runed translucent door, Crazy Yiuf, Jessica, Sigmund


Innate Abilities, Weirdness & Mutations

You are immune to sickness and miasma.
You are immune to poison.
Your flesh is very heat resistant. (rF++)
You are vulnerable to cold. (rC-)
You float through the air rather than walking.
You learn spells naturally, not from books.
Your magical power is your life essence.
You have superior vitality. (+4 MHP)


Message History

The phantom hits you but does no damage.
You hit the phantom but do no damage.
The phantom is moderately damaged.
The phantom hits you but does no damage.
You closely miss the phantom.
The phantom is moderately damaged.
You block the phantom's attack.
You hit the phantom but do no damage.
The phantom is moderately damaged.
The phantom hits you.
* * * LOW HITPOINT WARNING * * *
You hit the phantom.
The phantom is heavily damaged.
The phantom hits you but does no damage.
You hit the phantom but do no damage.
The phantom is heavily damaged.
The phantom hits you.
* * * LOW HITPOINT WARNING * * *
You closely miss the phantom.
The phantom is heavily damaged.
The phantom hits you but does no damage.
You hit the phantom.
The phantom is severely damaged.
The phantom hits you.
* * * LOW HITPOINT WARNING * * *
The phantom blinks!
You blink.
Casting: Blink (safe; 2% risk of failure)
Confirm with . or Enter, or press ? or * to list all spells.
You don't have enough health to cast this spell.
Unknown command.
You hit the phantom but do no damage.
The phantom is severely damaged.
The phantom hits you but does no damage.
You hit the phantom.
The phantom is severely damaged.
The phantom barely misses you.
You barely miss the phantom.
The phantom is severely damaged.
The phantom hits you.
You die...

..........#
........w.#######
...#......W.....#
...##########.###
...# #.# ...# #.#
...# #.# $..#
#w##### #.##
#...@W# #####.#
... ####


You could see a phantom and a worm.

Vanquished Creatures
  A scorpion (D:5)
  A jelly (D:4)
  2 sleepcaps
  A gnoll bouda (D:5)
  Natasha (thrice) (D:3)
  2 orc wizards (D:4)
  5 gnolls (D:5)
  A white imp (D:5)
  An ufetubus (D:5)
  3 dart slugs
  3 orcs
  5 ball pythons
  4 bats
  5 endoplasms
  4 giant cockroaches
  5 goblins
  5 hobgoblins
  12 jackals
  7 quokkas
  2 frilled lizards
  6 kobolds
  A rat (D:1)
79 creatures vanquished.

Notes
Turn   | Place    | Note
-------+----------+-------------------------------------------
     0 | D:1      | jimonade the Djinni Warper began the quest for the Orb.
     0 | D:1      | jimonade set off with the following spells memorised:
                  | Blink, Lesser Beckoning, Vhi's Electric Charge, Teleport
                  | Other, Manifold Assault.
     0 | D:1      | Reached XP level 1. HP: 18/18 MP: 0/0
   148 | D:1      | Reached XP level 2. HP: 23/23 MP: 0/0
   275 | D:1      | Reached skill level 3 in Spellcasting
   361 | D:1      | Reached XP level 3. HP: 26/28 MP: 0/0
   361 | D:1      | Learned a level 1 spell: Beastly Appendage
   939 | D:2      | Found Sanky's Book Shoppe.
  1211 | D:2      | Reached XP level 4. HP: 33/33 MP: 0/0
  1350 | D:3      | Found a hide-covered altar of Uskayaw.
  1360 | D:3      | Noticed Sigmund
  1635 | D:3      | Found a runed translucent door.
  1636 | D:3      | Noticed Crazy Yiuf
  1676 | D:3      | Noticed Natasha
  1680 | D:3      | Killed Natasha
  1681 | D:3      | Reached skill level 4 in Spellcasting
  1688 | D:3      | Noticed Natasha
  1698 | D:3      | Killed Natasha
  1699 | D:3      | Reached XP level 5. HP: 11/38 MP: 0/0
  1699 | D:3      | Learned a level 2 spell: Momentum Strike
  1806 | D:3      | Noticed Natasha
  2006 | D:3      | Killed Natasha
  2175 | D:3      | Noticed Jessica
  2429 | D:4      | Found a staircase to the Ecumenical Temple.
  2503 | Temple   | Entered the Ecumenical Temple
  2515 | Temple   | Became a worshipper of Warmaster Okawaru
  2542 | D:4      | Reached XP level 6. HP: 22/43 MP: 0/0
  2674 | D:4      | Reached skill level 5 in Spellcasting
  3108 | D:5      | Entered Level 5 of the Dungeon
  3378 | D:5      | Reached XP level 7. HP: 45/49 MP: 0/0
  3378 | D:5      | Learned a level 3 spell: Swiftness
  3656 | D:5      | HP: 2/49 [phantom (6)]
  3659 | D:5      | Slain by a phantom

Illustrated notes

Levels and vault maps discovered:
D:1:      amcnicky_arrival_choice, layout_loops_ring
D:2:      layout_rooms, serial_shops,
          nicolae_shop_temple_entry_statues_fountains
D:3:      layout_basic, yredelemnul_forgotten_temple_becter,
          eat_drink_and_be_merry_uskayaw, hangedman_decor_peaks_small,
          uniq_crazy_yiuf_cottage, uniq_natasha, uniq_jessica, uniq_sigmund
D:4:      layout_loops_ring, minmay_temple_entry_mini_moons
D:5:      layout_loops_cross, minitemple
Temple:   cyrus_circular_temple

Skill      XL: |  1  2  3  4  5  6 |
---------------+-------------------+-----
Spellcasting   | 3 4 5 |  5.9
Fighting       | |  2.0
Polearms       | |  1.5
Throwing       | |  0.7
Armour         | |  1.0
Dodging        | |  2.1

Action                     |  1- 3 |  4- 6 |  7- 9 || total
---------------------------+-------+-------+-------++-------
  Melee: Spear             |    98 |       |       ||    98
         Dagger            |    35 |   160 |    45 ||   240
         Punch             |       |     1 |     1 ||     2
   Cast: Vhi's Electric Ch |       |    12 |     5 ||    17
         Blink             |       |     3 |     5 ||     8
         Momentum Strike   |       |     2 |       ||     2
         Teleport Other    |       |     1 |       ||     1
    Use: Scroll            |       |     8 |       ||     8
   Stab: Sleeping          |       |     2 |       ||     2
 Armour: Leather armour    |     4 |       |       ||     4
         Chain mail        |    45 |       |       ||    45
         Robe              |     9 |    44 |    16 ||    69
  Dodge: Dodged            |    28 |    59 |    16 ||   103
  Block: Other             |       |    22 |    10 ||    32
         Reflection        |       |     1 |       ||     1

Table legend: (Time is in decaauts)
 A = Elapsed time spent in this place.
 B = Non-inter-level travel time spent in this place.
 C = Inter-level travel time spent in this place.
 D = Time resting spent in this place.
 E = Time spent auto-exploring this place.
 F = Levels seen in this place.
 G = Mean time per level.
                   A        B        C        D        E       F      G
               +--------+--------+--------+--------+--------+-----+--------+
         Total |   3680 |   3506 |    174 |    302 |   1573 |   6 |  613.3 |
       Dungeon |   3656 |   3492 |    164 |    302 |   1571 |   5 |  731.2 |
        Temple |     23 |     13 |     10 |      0 |      2 |   1 |   23.0 |
               +--------+--------+--------+--------+--------+-----+--------+

Top non-repeatable levels by time:
     D:4: 861 daAuts
     D:3: 853 daAuts
     D:1: 825 daAuts
     D:2: 566 daAuts
     D:5: 549 daAuts
  Temple: 23 daAuts
